 Dungeon Crawl Stone Soup version v1.0-3-g0d6430d (webtiles) character file.

75 Faust the Magician (level 3, 14/14 HPs)
             Began as a Profound Elf Annihilator on Oct 9, 2018.
             Was a Follower of Vehumet.
             Got out of the dungeon alive.
             The game lasted 00:07:45 (1272 turns).

Faust the Magician (Profound Elf Annihilator)       Turns: 1272, Time: 00:07:45

Health: 14/14      AC:  2    Str:  3    XL:     3   Next: 88%
Magic:  15/15      EV: 14    Int: 25    God:    Vehumet [*.....]
Gold:   25         SH:  0    Dex: 16    Spells: 13/16 levels left

rFire    . . .     SeeInvis .   (no weapon)
rCold    . . .     Gourm    .   (no shield)
rNeg     . . .     Faith    .   a - +0 robe
rPois    .         Spirit   .   (no helmet)
rElec    .         Reflect  .   (no cloak)
rCorr    .         Harm     .   (no gloves)
MR       .....                  (no boots)
Stlth    ++........             (no amulet)
HPRegen  0.04/turn              i - ring of wizardry
MPRegen  0.14/turn              (no ring)

@: no status effects
A: no striking features
a: Renounce Religion


You escaped.
You worshipped Vehumet.
Vehumet was aware of your devotion.
You were hungry.

You visited 1 branch of the dungeon, and saw 2 of its levels.

You collected 25 gold pieces.

Inventory:

Armour
 a - a +0 robe (worn)
Jewellery
 i - a ring of wizardry (left hand)
Scrolls
 c - a scroll of amnesia
 e - a scroll of fog
 j - a scroll of identify {unknown}
Potions
 d - a potion of curing {unknown}
 g - 2 potions of ambrosia {unknown}
 k - a potion of flight {unknown}
 m - a potion of brilliance {unknown}
Comestibles
 b - 4 rations


   Skills:
 + Level 3.5 Dodging
 + Level 1.7 Stealth
 + Level 7.4 Spellcasting
 + Level 4.9 Conjurations


You had 13 spell levels left.
You knew the following spells:

 Your Spells              Type           Power        Failure   Level  Hunger
a - Magic Dart            Conj           ####         1%          1    None
b - Sting                 Conj/Pois      ###.         1%          1    None
c - Sandblast             Erth           #.....       2%          1    None


Dungeon Overview and Level Annotations

Branches:
Dungeon (2/15)

Altars:


Message History

There is an escape hatch in the ceiling here.
There are no items here.
You can't go up here!
(D) Dungeon
Where to? (Enter - D:2 @ (x,y), ? - help)
There is a stone staircase leading up here.
You see here 5 stones.
You climb upwards.
There is a stone staircase leading down here.
(D) Dungeon
Where to? (Enter - D:1, ? - help)
Okay, then.
There is an open door here.
Magic restored.
There is an open door here.
Your magical contamination has completely faded away.
You see here 25 stones.
There is a staircase leading out of the dungeon here.
Are you sure you want to leave the Dungeon?
This will make you lose the game!
You have escaped!

#.........# #.
#..###..### #.
##.# #..#
######. ##..
#).# #......
..#.##..#
###.#####
#.#..#..# #...#
#.##.#..# #.###
#.##.#..# #####
#.# #....#
#.@.## #.#
#####...##
###...## ###.#
.........#
#>##(..# #...#
#####....#
#≈.#...###.#####
# #....#
#≈.##...##.....#
#####....#
#≈≈.#...######.#
#........#
#≈≈≈##...###.).#
'.)......#
#≈≈≈≈'...'.#.###
#....#...#
#≈≈≈##..(#...#


There were no monsters in sight!

Vanquished Creatures
  Jessica (D:2)
  An adder (D:2)
  A worm (D:2)
  2 dart slugs (D:1)
  A leopard gecko (D:1)
  4 bats (D:1)
  2 giant cockroaches (D:1)
  4 goblins (D:1)
  4 hobgoblins
  2 jackals (D:1)
  4 kobolds
  2 frilled lizards (D:1)
  3 rats
31 creatures vanquished.

Vanquished Creatures (others)
  9 toadstools (D:2)
9 creatures vanquished.

Grand Total: 40 creatures vanquished

Notes
Turn   | Place    | Note
-------+----------+-------------------------------------------
     0 | D:1      | Faust the Profound Elf Annihilator began the quest for the Orb.
     0 | D:1      | Reached XP level 1. HP: 7/7 MP: 11/11
    49 | D:1      | Reached skill level 6 in Spellcasting
   152 | D:1      | Reached XP level 2. HP: 11/11 MP: 9/13
   228 | D:1      | Offered knowledge of Sting by Vehumet.
   231 | D:1      | Learned a level 1 spell: Sting
   325 | D:1      | Reached skill level 7 in Spellcasting
   826 | D:2      | Reached XP level 3. HP: 14/14 MP: 11/15
   827 | D:2      | Noticed Jessica
   833 | D:2      | Killed Jessica
   838 | D:2      | Offered knowledge of Sandblast by Vehumet.
  1144 | D:2      | Learned a level 1 spell: Sandblast
  1272 | D:$      | Got out of the dungeon alive.

Skill      XL: |  1  2 |
---------------+-------+-----
Spellcasting   | 6 7 |  7.4
Conjurations   | 4 |  4.9
Dodging        | |  3.5
Stealth        | |  1.7

Action                   || total
-------------------------++-------
 Cast: Magic Dart        ||    38
       Sting             ||    20
  Use: Scroll            ||     4
Armor: Robe              ||     2
Dodge: Dodged            ||    11
